 Dungeon Crawl Stone Soup version 0.28.0-49-g6dfe1f597d (webtiles) character file.

Game seed: 16351187963330862548

892 Dreadrock the Cleaver (level 7, -1/64 HPs)
             Began as a Minotaur Berserker on May 11, 2022.
             Was a Believer of Trog.
             Slain by an iguana (4 damage)
             ... on level 5 of the Dungeon.
             The game lasted 00:08:42 (3896 turns).

Dreadrock the Cleaver (Minotaur Berserker)          Turns: 3896, Time: 00:08:44

Health: -1/64      AC: 11    Str: 24    XL:     7   Next: 78%
Magic:  6/6        EV:  7    Int:  4    God:    Trog [**....]
Gold:   136        SH:  0    Dex:  9    Spells: 6/6 levels left

rFire   . . .      SeeInvis .   a - +0 hand axe
rCold   . . .      Faith    .   (no shield)
rNeg    . . .      Spirit   .   e - +0 plate armour
rPois   .          Reflect  .   (helmet restricted)
rElec   .          Harm     .   (no cloak)
rCorr   .          Rampage  .   (no gloves)
Will    .....                   (no boots)
Stlth   ..........              (no amulet)
HPRegen 0.20/turn               (no ring)
MPRegen 0.10/turn               (no ring)

@: on berserk cooldown, slowed, very slow
A: horns 2, retaliatory headbutt
a: Renounce Religion, Berserk, Trog's Hand


You were on level 5 of the Dungeon.
You worshipped Trog.
Trog was pleased with you.
You visited 1 branch of the dungeon, and saw 5 of its levels.

You collected 136 gold pieces.

Inventory:

Hand Weapons
 a - a +0 hand axe (weapon)
Armour
 e - a +0 plate armour (worn)
Wands
 o - a wand of digging (6)
Scrolls
 c - 3 scrolls of identify {unknown}
 g - a scroll of fear {unknown}
 h - a scroll of blinking {unknown}
 l - a scroll of enchant weapon {unknown}
 q - a scroll of vulnerability {unknown}
 r - a scroll of teleportation {unknown}
Potions
 b - a potion of might {unknown}
 d - 3 potions of curing {unknown}
 f - 2 potions of magic {unknown}
 i - a potion of degeneration {unknown}
 j - a potion of cancellation {unknown}
 k - a potion of lignification {unknown}
 m - 2 potions of brilliance {unknown}
 n - 2 potions of heal wounds {unknown}
 p - a potion of berserk rage {unknown}
 s - a potion of ambrosia {unknown}
 t - a potion of mutation {unknown}


   Skills:
 + Level 6.5 Fighting
 * Level 8.5 Axes
 - Level 4.0 Armour
 - Level 4.0 Dodging


You had 6 spell levels left.
You didn't know any spells.
Your spell library was empty.

Dungeon Overview and Level Annotations

Branches:
Dungeon (5/15)
 Temple: D:4-7

Altars:
Cheibriados

Shops:
D:5 !


Innate Abilities, Weirdness & Mutations

You have a pair of horns on your head.
You reflexively headbutt those who attack you in melee.


Message History

You kill the gnoll shaman!
Trog accepts your kill.
An adder comes into view.
The adder hisses angrily.
An iguana comes into view.
You feel a strong urge to attack something.
You barely miss the ice beast. The ice beast hits you.
The ice beast freezes you!
You closely miss the ice beast. Your headbutt misses the ice beast.
You hit the iguana but do no damage. The ice beast hits you.
The ice beast freezes you!
* * * LOW HITPOINT WARNING * * *
You slash the ice beast!
The ice beast is moderately wounded.
You hit the iguana.
The iguana bites you but does no damage.
You closely miss the ice beast.
The ice beast is moderately wounded.
You closely miss the iguana. The ice beast hits you.
* * * LOW HITPOINT WARNING * * *
The ice beast freezes you!
* * * LOW HITPOINT WARNING * * *
The iguana bites you.
* * * LOW HITPOINT WARNING * * *
You slash the ice beast!
The ice beast is severely wounded.
You slash the iguana!
The ice beast hits you but does no damage.
You barely miss the ice beast. You headbutt the ice beast!
You kill the ice beast!
Trog accepts your kill.
You barely miss the iguana.
The iguana bites you but does no damage.
You closely miss the adder. Your headbutt misses the adder.
You closely miss the iguana.
You are no longer berserk.
You are exhausted.
You feel yourself slow down. The adder barely misses you.
You furiously retaliate!
You headbutt the adder! The iguana bites you.
You die...

.##. ..## ...$# ..#
#... #.# ###.. #.##
......##..###
..##....#...#
..........).#
#........##.#...
#.##....#†.@S......
......†..†##l......
..###.#.### .......
. #.#)# .......
#.#.# ....... ..#
#.#.# ....... . #..
#.#.# ...#... .##.
#...#.#...##......#
...
#...#..........#...#
#.


You could see an iguana and an adder.

Vanquished Creatures
  A water moccasin (D:5)
  An ice beast (D:5)
  A centaur (D:4)
  A bullfrog (D:4)
  2 howler monkeys (D:5)
  A jelly (D:5)
  3 hounds
  A gnoll shaman (D:5)
  A bullfrog skeleton (D:5)
  Ijyb (D:4)
  2 iguanas (D:5)
  A hound zombie (D:5)
  A hound skeleton (D:4)
  A mummy (D:4)
  4 gnolls (D:4)
  6 adders
  A shadow imp (D:5)
  A worm (D:2)
  3 dart slugs
  7 orcs
  9 endoplasms
  3 giant cockroaches
  2 goblins (D:1)
  5 hobgoblins
  7 jackals
  8 quokkas
  3 ball pythons
  5 bats
  A frilled lizard (D:3)
  2 hobgoblin zombies (D:4)
  3 kobolds
  A kobold zombie (D:4)
  An orc zombie (D:4)
  2 rats
92 creatures vanquished.

Notes
Turn   | Place    | Note
-------+----------+-------------------------------------------
     0 | D:1      | Dreadrock the Minotaur Berserker began the quest for the
                  | Orb.
     0 | D:1      | Reached XP level 1. HP: 19/19 MP: 0/0
   242 | D:1      | Reached XP level 2. HP: 23/27 MP: 1/1
   246 | D:1      | Reached skill level 4 in Axes
  1149 | D:2      | Reached XP level 3. HP: 28/33 MP: 2/2
  1274 | D:2      | Found a faded altar of an unknown god.
  1619 | D:2      | Reached XP level 4. HP: 40/40 MP: 3/3
  2193 | D:3      | Found a snail-covered altar of Cheibriados.
  2277 | D:3      | Reached ** piety under Trog
  2745 | D:4      | Noticed a centaur
  2752 | D:4      | Killed a centaur
  2753 | D:4      | Reached skill level 5 in Axes
  2753 | D:4      | Reached XP level 5. HP: 29/47 MP: 4/4
  2961 | D:4      | Noticed Ijyb
  2973 | D:4      | Killed Ijyb
  3078 | D:4      | Reached XP level 6. HP: 49/55 MP: 5/5
  3095 | D:4      | Reached skill level 5 in Fighting
  3095 | D:4      | Reached skill level 6 in Axes
  3561 | D:5      | Entered Level 5 of the Dungeon
  3601 | D:5      | Found Ehacy's Distillery.
  3677 | D:5      | Noticed a water moccasin
  3684 | D:5      | Killed a water moccasin
  3685 | D:5      | Reached skill level 7 in Axes
  3685 | D:5      | Reached XP level 7. HP: 62/62 MP: 6/6
  3884 | D:5      | Reached skill level 8 in Axes
  3893 | D:5      | HP: 4/96 [iguana (2)]
  3896 | D:5      | Slain by an iguana

Illustrated notes

Levels and vault maps discovered:
D:1:      lemuel_arrival_tunnels, layout_basic
D:2:      layout_loops_corners, basic_ecumenical_altar
D:3:      layout_basic, mainiacjoe_overflow_cross_hatched,
          kennysheep_nondescript, st_stairs_6
D:4:      layout_rooms, minmay_mini_ossuary, uniq_ijyb
D:5:      layout_rooms, serial_glass, glass_columns_a, glass_columns_b,
          serial_shops, nicolae_shop_hallway_stairs, nicolae_take_the_stairs,
          nicolae_stop_n_shop_2, grunt_ministairs_1, minmay_ruined_shrine

Skill      XL: |  1  2  3  4  5  6  7 |
---------------+----------------------+-----
Axes           | 4 5 7 8 |  8.5
Fighting       | 4 5 6 |  6.5
Armour         | 3 4 |  4.0
Dodging        | 3 4 |  4.0

Action                   |  1- 3 |  4- 6 |  7- 9 || total
-------------------------+-------+-------+-------++-------
Melee: Hand axe          |    60 |   130 |    43 ||   233
       Headbutt          |    12 |    24 |     8 ||    44
       Punch             |     1 |       |       ||     1
Invok: Berserk           |       |     2 |     1 ||     3
Armor: Plate armour      |    26 |    82 |    22 ||   130
       Animal skin       |     4 |       |       ||     4
Dodge: Dodged            |    24 |    55 |    18 ||    97
